 Dungeon Crawl Stone Soup version 0.17-a0-1763-g847a857 (webtiles) character file.

30557 demonpo the Severer (level 13, -9/122 HPs)
             Began as a Minotaur Berserker on Sept 4, 2015.
             Was an Elder of Trog.
             Mangled by Leibowitz's ghost (10 damage)
             ... on level 8 of the Lair of Beasts.
             The game lasted 00:41:44 (13234 turns).

demonpo the Severer (Minotaur Berserker)           Turns: 13234, Time: 00:41:45

Health: -9/122     AC: 19    Str: 24 (25) XL:     13   Next: 21%
Magic:  0/4        EV: 14    Int:  4      God:    Trog [****..]
Gold:   980        SH:  0    Dex: 15      Spells: 0 memorised, 12 levels left

rFire  + . .     SeeInvis .     S - +3 executioner's axe (antimagic)
rCold  x . .     Clarity  .     d - +0 plate armour
rNeg   . . .     SustAt   .     (no shield)
rPois  .         Gourm    .     (helmet restricted)
rElec  .         Spirit   +     y - +0 cloak
rCorr  .         Warding  .     l - +0 pair of gloves
rMut   .         Stasis   .     (no boots)
MR     ++...                    F - amulet of guardian spirit
Stlth  ..........               f - ring of Makhleb's Regard {EV+3 Dex+3 Slay+2}
                                e - ring of fire

@: exhausted, regenerating, slowed, very slow, very resistant to hostile
enchantments, extremely unstealthy
A: retaliatory headbutt, horns 2
a: Burn Spellbooks, Berserk, Trog's Hand, Brothers in Arms, Renounce Religion


You were on level 8 of the Lair of Beasts.
You worshipped Trog.
Trog was greatly pleased with you.
You were not hungry.

You visited 4 branches of the dungeon, and saw 18 of its levels.

You collected 980 gold pieces.

Inventory:

Hand weapons
 u - a +5 war axe
 K - a +1 antimagic battleaxe
 S - a +3 antimagic executioner's axe (weapon)
Missiles
 x - 5 javelins of returning (quivered)
Armour
 d - a +0 plate armour (worn)
 l - a +0 pair of gloves (worn)
 y - a +0 cloak (worn)
Jewellery
 e - a ring of fire (left hand)
 f - the ring of Makhleb's Regard (right hand) {EV+3 Dex+3 Slay+2}
   (You found it on level 4 of the Dungeon)

   [ring of evasion]

   It affects your evasion (+3).
   It affects your dexterity (+3).
   It affects your accuracy and damage with ranged weapons and melee attacks
   (+2).
 F - an amulet of guardian spirit (around neck)
Magical devices
 b - a wand of teleportation (4)
 q - a wand of paralysis (15)
 r - a wand of lightning (1)
 D - a wand of enslavement (12)
 G - a wand of cold (9)
 L - a wand of frost (35)
 W - a wand of frost (24)
 X - a wand of draining (5)
Scrolls
 a - a scroll of blinking {unknown}
 c - 9 scrolls of remove curse
 h - 4 scrolls of teleportation
 i - 6 scrolls of fog
 m - 7 scrolls of immolation
 v - a scroll of noise
 A - 2 scrolls of fear
 B - 2 scrolls of vulnerability
 N - a scroll of magic mapping {unknown}
 P - a scroll of recharging
 Q - 3 scrolls of amnesia
Potions
 g - a potion of brilliance
 j - 4 potions of magic
 n - 2 potions of lignification
 o - a potion of agility
 p - 5 potions of curing
 C - 4 potions of degeneration
 E - a potion of flight {unknown}
 J - 2 potions of might
 M - a potion of cancellation {unknown}
 O - a potion of cure mutation {unknown}
 V - 2 potions of resistance
Comestibles
 k - a fruit
 s - a bread ration
 t - 12 beef jerkies
 w - 3 meat rations
 H - a royal jelly
 I - 4 slices of pizza


   Skills:
 + Level 13.0 Fighting
 + Level 16.0 Axes
 + Level 14.5 Armour
 + Level 7.7 Dodging
 + Level 2.5 Stealth


You had 12 spell levels left.
You didn't know any spells.

Dungeon Overview and Level Annotations

Branches:
Dungeon (8/15)             Temple (0/1) D:4            Lair (8/8) D:8
  Swamp (1/4) Lair:5        Snake (1/4) Lair:3
  Slime: Lair:6-8

Altars:
Ashenzari
Cheibriados
Elyvilon
Fedhas
Gozag
Ru
Sif Muna
Trog
Vehumet
The Shining One

Annotations:
Lair:8 Leibowitz's ghost, powerful DgFi


Innate Abilities, Weirdness & Mutations

You reflexively headbutt those who attack you in melee.
You have a pair of horns on your head.


Message History

Your skin crawls.
You feel resistant to hostile enchantments.
You feel slightly more hungry. Leibowitz's ghost misses you.
Use which ability?
Okay, then.
Drink which item? (? for menu, Esc to quit)
You feel better. Leibowitz's ghost hits you!
* * * LOW HITPOINT WARNING * * *
Leibowitz's ghost burns you.
* * * LOW HITPOINT WARNING * * *
Leibowitz's ghost closely misses you. You furiously retaliate!
You headbutt Leibowitz's ghost, but do no damage.
You hit Leibowitz's ghost.
Leibowitz's ghost is almost destroyed.
Leibowitz's ghost hits you!
* * * LOW HITPOINT WARNING * * *
Leibowitz's ghost burns you.
* * * LOW HITPOINT WARNING * * *
Leibowitz's ghost hits you!
You die...

...... .P.......
.....#...PPP.......
.........#.........
..........#........
.........P#.....#..
.........PPP......P
P........P†).......
P........††@†....#
.......<..W††....#
...................
..........#...P....
....PP....#........
...P.P........#....
P.#..P.............
#.P...........!....
................


You could see Leibowitz's ghost.

Vanquished Creatures
  Nessos (Lair:6)
  The ghost of stevs the Destroyer, a powerful NaCj of Makhleb (Lair:3)
  A hydra (Lair:8)
  A queen ant (Lair:2)
  3 death yaks
  A necromancer (Lair:7)
  A griffon (Lair:2)
  6 elephants (Lair:8)
  Joseph (D:7)
  3 black mambas
  A torpor snail (Lair:8)
  5 komodo dragons
  5 spiny frogs
  2 fire drakes
  11 blink frogs
  A wyvern (Lair:7)
  4 hippogriffs
  18 yaks
  3 nagas (Lair:3)
  5 water moccasins
  6 wolves (Lair:3)
  5 soldier ants (Lair:2)
  A sky beast (D:8)
  9 porcupines
  2 black bears (D:6)
  2 necrophages
  6 ogres
  An orc warrior (D:7)
  2 phantoms
  4 crocodiles
  A centaur (D:6)
  22 giant frogs
  A big kobold (D:7)
  2 scorpions
  A gnoll sergeant (D:4)
  6 killer bees (D:7)
  An electric eel (Lair:5)
  A giant frog zombie (D:6)
  A wasp zombie (D:8)
  3 orc priests
  A centaur zombie (D:8)
  5 hounds
  A centaur skeleton (D:7)
  5 crimson imps
  A giant frog skeleton (D:6)
  22 worker ants
  2 orc wizards
  7 hell rats (Lair:2)
  7 iguanas
  2 yak simulacra (Lair:7)
  5 sheep (Lair:4)
  A killer bee zombie (D:8)
  A hound skeleton (D:6)
  Robin (D:2)
  6 gnolls (D:4)
  66 river rats
  8 adders
  An ooze (D:2)
  2 adder zombies
  An adder skeleton (D:4)
  2 worms
  2 giant geckos
  18 orcs
  3 giant cockroaches
  14 goblins
  12 hobgoblins
  7 jackals
  5 quokkas
  A ball python (D:5)
  9 bats
  A giant newt (D:1)
  4 kobolds
  A quokka skeleton (D:4)
  24 rats
  3 fungi
  3 plants
405 creatures vanquished.

Vanquished Creatures (collateral kills)
  Harold (Lair:2)
  A catoblepas (Lair:7)
  5 death yaks
  A griffon (Lair:7)
  A spiny frog (Lair:7)
  A polar bear (Lair:4)
  2 blink frogs (Lair:4)
  4 yaks
  2 hippogriffs (Lair:4)
  3 basilisks
  A porcupine (Lair:7)
  A giant frog (Lair:4)
  A crocodile (Lair:5)
  3 electric eels
  A sheep (Lair:4)
  A fungus (Lair:7)
29 creatures vanquished.

Vanquished Creatures (others)
  A river rat (Lair:2)
  4 fungi
  2 plants
7 creatures vanquished.

Grand Total: 441 creatures vanquished

Notes
Turn   | Place    | Note
--------------------------------------------------------------
     0 | D:1      | demonpo the Minotaur Berserker began the quest for the Orb.
     0 | D:1      | Reached XP level 1. HP: 19/19 MP: 0/0
   193 | D:1      | Reached XP level 2. HP: 27/27 MP: 1/1
   386 | D:1      | Reached skill level 4 in Fighting
   900 | D:2      | Reached XP level 3. HP: 30/34 MP: 2/2
   939 | D:2      | Noticed Robin
   942 | D:2      | Acquired Trog's second power
   948 | D:2      | Killed Robin
  1069 | D:2      | Reached XP level 4. HP: 33/41 MP: 3/3
  1441 | D:3      | Found a snail-covered altar of Cheibriados.
  1521 | D:3      | Reached skill level 5 in Fighting
  1673 | D:3      | Reached XP level 5. HP: 44/48 MP: 4/4
  2100 | D:3      | Found a blossoming altar of Fedhas.
  2103 | D:3      | Found a sacrificial altar of Ru.
  2104 | D:3      | Found a bloodstained altar of Trog.
  2104 | D:3      | Found a radiant altar of Vehumet.
  2104 | D:3      | Found an opulent altar of Gozag.
  2105 | D:3      | Found a deep blue altar of Sif Muna.
  2107 | D:3      | Found a glowing golden altar of the Shining One.
  2283 | D:4      | Got a slimy golden ring
  2323 | D:4      | Found a staircase to the Ecumenical Temple.
  2425 | D:4      | Noticed an ogre
  2438 | D:4      | Killed an ogre
  2500 | D:4      | Reached XP level 6. HP: 47/56 MP: 5/5
  2842 | D:4      | Reached skill level 5 in Axes
  3015 | D:4      | Reached skill level 5 in Dodging
  3334 | D:5      | Entered Level 5 of the Dungeon
  3370 | D:5      | Reached skill level 5 in Armour
  3370 | D:5      | Reached XP level 7. HP: 21/61 MP: 6/6
  4383 | D:6      | Identified the ring of Makhleb's Regard {EV+3 Dex+3 Slay+2} (You found it on level 4 of the Dungeon)
  4423 | D:6      | Reached skill level 6 in Fighting
  4469 | D:6      | Reached XP level 8. HP: 63/70 MP: 7/7
  4473 | D:6      | Reached skill level 1 in Stealth
  4478 | D:6      | Reached skill level 7 in Armour
  4762 | D:6      | Found a shattered altar of Ashenzari.
  4958 | D:7      | Acquired Trog's third power
  4985 | D:7      | Reached skill level 8 in Armour
  4995 | D:7      | Reached XP level 9. HP: 75/79 MP: 8/8
  5521 | D:7      | Found a shattered altar of Ashenzari.
  5583 | D:7      | Reached skill level 9 in Armour
  5725 | D:7      | Noticed Joseph
  5732 | D:7      | Killed Joseph
  6254 | D:8      | Found a white marble altar of Elyvilon.
  6414 | D:8      | Reached skill level 10 in Armour
  6518 | D:8      | Noticed a komodo dragon
  6533 | D:8      | Killed a komodo dragon
  6622 | D:8      | Found a bloodstained altar of Trog.
  6697 | D:8      | Found a staircase to the Lair.
  6700 | D:8      | Reached XP level 10. HP: 83/90 MP: 7/9
  6710 | Lair:1   | Entered Level 1 of the Lair of Beasts
  6781 | Lair:1   | Reached skill level 10 in Axes
  6868 | Lair:1   | Reached skill level 11 in Axes
  7946 | Lair:2   | Noticed a griffon
  7957 | Lair:2   | Killed a griffon
  7957 | Lair:2   | Reached skill level 12 in Axes
  7957 | Lair:2   | Reached XP level 11. HP: 69/99 MP: 6/10
  8005 | Lair:2   | Noticed a queen ant
  8021 | Lair:2   | Killed a queen ant
  8356 | Lair:2   | Received a gift from Trog
  8361 | Lair:2   | Reached skill level 10 in Fighting
  8586 | Lair:2   | Noticed a black mamba
  8595 | Lair:2   | Killed a black mamba
  8597 | Lair:2   | Noticed Harold
  8614 | Lair:2   | Killed Harold
  8807 | Lair:2   | Reached skill level 13 in Axes
  9377 | Lair:3   | Received a gift from Trog
  9786 | Lair:3   | Noticed stevs's ghost (powerful NaCj)
  9803 | Lair:3   | Killed stevs's ghost
  9970 | Lair:3   | Found a staircase to the Snake Pit.
 10065 | Lair:3   | Reached XP level 12. HP: 77/110 MP: 7/11
 10112 | Snake:1  | Entered Level 1 of the Snake Pit
 10114 | Snake:1  | Noticed a naga warrior
 10270 | Lair:4   | Reached skill level 14 in Axes
 10855 | Lair:5   | Found a staircase to the Swamp.
 11259 | Swamp:1  | Entered Level 1 of the Swamp
 11533 | Lair:5   | Reached skill level 15 in Axes
 11540 | Lair:5   | Received a gift from Trog
 11916 | Lair:6   | Noticed Nessos
 11943 | Lair:6   | Killed Nessos
 12620 | Lair:7   | Noticed a catoblepas
 12624 | Lair:7   | Killed a catoblepas
 13135 | Lair:7   | Reached XP level 13. HP: 113/119 MP: 2/12
 13202 | Lair:8   | Entered Level 8 of the Lair of Beasts
 13209 | Lair:8   | Noticed Leibowitz's ghost (powerful DgFi)
 13226 | Lair:8   | Reached skill level 16 in Axes
 13234 | Lair:8   | HP: 3/122 [Leibowitz's ghost (14)]
 13234 | Lair:8   | HP: 1/122 [Leibowitz's ghost (2)]
 13234 | Lair:8   | Mangled by Leibowitz's ghost

Vault maps used:
D:1:      scummos_arrival_simple_crosswalls
D:2:      uniq_robin
D:3:      minitemple, cheibriados_altar_1, first_bread
D:4:      minmay_temple_entry_crystal_x, grunt_ministairs_4,
          minmay_misc_feat_enclosed, lightli_minifort
D:6:      minmay_opposing_rooms, basic_altar, serial_bayou_lagoon_a
D:7:      nicolae_overflow_crystal_walls, grunt_ogre_cave, uniq_joseph
D:8:      old_standard_altar, david_lair_shrubbed, trog_book
Lair:1:   infiniplex_staircase_pool_2
Lair:2:   lemuel_ratsnest, minmay_another_anthill, uniq_harold
Lair:3:   minmay_snake_entry_guardpost_medium, beast_lair_carwin_6,
          serial_bayou_shore_b, grunt_megastairs_2
Lair:4:   grunt_forest_small_clearings, infiniplex_staircase_pool
Lair:5:   minmay_swamp_entry_eels, uniq_kirke
Lair:6:   uniq_nessos
Lair:7:   slime_altar_2, eino_house_with_fridge, serial_bayou_shore_b
Lair:8:   minmay_lair_end_frog_pond, special_room, minivault_25,
          serial_bayou_pond_c, serial_bayou_pond_b,
          nicolae_quartered_pool_little, uniq_rupert
Swamp:1:  nicolae_swamp_trees_clearing

Action                   |  1- 3 |  4- 6 |  7- 9 | 10-12 | 13-15 || total
-------------------------+-------+-------+-------+-------+-------++-------
Melee: Hand axe          |    74 |    79 |       |       |       ||   153
       War axe           |       |    48 |   217 |   393 |       ||   658
       Battleaxe         |       |       |       |     9 |       ||     9
       Executioner's axe |       |       |       |    53 |    31 ||    84
Throw: Javelin           |       |       |       |     1 |       ||     1
Invok: Berserk           |     1 |     1 |     2 |     9 |     1 ||    14
       Trog's Hand       |       |       |     1 |     3 |     2 ||     6
       Brothers in Arms  |       |       |       |    13 |       ||    13
       Burn Spellbooks   |       |       |       |     5 |       ||     5
Evoke: Wand              |       |       |       |     1 |       ||     1
  Use: Potion            |       |     8 |       |     7 |     4 ||    19
       Scroll            |       |       |    16 |     9 |       ||    25
  Eat: Bread ration      |     1 |     1 |     3 |     5 |       ||    10
       Pizza             |       |     1 |       |       |       ||     1
       Fruit             |       |       |     1 |     2 |       ||     3
       Meat ration       |       |       |       |     2 |       ||     2
